Beetle, chaotic male elven Priest ------- --- --.....--..--- -- -............| --.-- ------- .............--....- --...|.--- ................... |........| ......G....... -.......-- ........... ---- |........-- ........- --..|----.........| --.......-- |...--.|..........------------h@.......----- ---- |..<.............*....)......f.......q...q..................- --...--.............---...-------------------- - ---------- --.----...........................................................| --- --................---------------------- --------- - |.........--.--..| --.......------.-| ---.....| |...| ---.--- --.-- --- --- Beetle the Acolyte Experience level: 5 Strength: 17 Dexterity: 13 Constitution: 12 Intelligence: 11 Wisdom: 17 Charisma: 9 Health: 0(39) Energy: 68(68) Def: 7 Gold: 148 Moves: 1111 Dungeon seed: Kg0amY7Nhh0j9M9n Game ID: Beetle_1614947598 Your Inventory: Coins $ - 148 gold pieces Weapons a - a blessed +1 mace (weapon in hand) u - 21 +0 arrows (in quiver) A - a +0 bow (alternate weapon; not wielded) Armor e - a +0 robe (being worn) n - a +0 small shield (being worn) y - a +0 orcish helm z - a blessed +0 dwarvish iron helm (being worn) N - a +0 pair of iron shoes (being worn) Comestibles c - a clove of garlic d - a sprig of wolfsbane m - a slime mold Scrolls C - a scroll of earth Spellbooks f - a spellbook of healing g - a spellbook of light Potions b - 4 potions of holy water Rings k - a ring of shock resistance (on left hand) Tools h - a leather drum t - 4 wax candles (0:400) v - 6 tallow candles (0:200) x - a +0 pick-axe Gems q - 3 worthless pieces of green glass r - 2 worthless pieces of white glass B - a worthless piece of yellowish brown glass D - a worthless piece of violet glass Y - a fluorite stone Spells and supernatural/magical abilities: Name Level Category Fail Memory h - healing 1 healing 0% 28% l - light 1 divination 0% 5% W - pray for help -- divine ? -- X - turn undead -- divine ? -- Your skills at the end: Fighting Skills Weapon Skills mace [Basic] Spellcasting Skills clerical spells [Basic] Final Attributes: You were piously aligned. You were sleep resistant. You were shock resistant. You had infravision. You are dead. Vanquished creatures: a gnome king a dwarf lord 2 gnome lords 2 dwarves a hobbit a large kobold 11 gnomes 4 jackals 2 goblins 2 sewer rats 8 grid bugs 4 lichens 3 newts 42 creatures vanquished. Voluntary challenges: You used a wielded weapon 41 times, starting on turn 37. You read items or engraved 2 times, starting on turn 485. You never genocided any monsters. You never polymorphed an object. You never changed form. You used no wishes. You never split a pudding. You never wrote Elbereth's name. You never violated your personal moral code. Dungeon overview: The Dungeons of Doom: levels 1 to 2 Level 1 a long staircase Level 2 an altar to Tyr, a fountain, a sink stairs to The Gnomish Mines The Gnomish Mines: levels 3 to 4 Level 3 stairs to The Dungeons of Doom Level 4 <- You were here History has recorded: On T:1 you entered the Dungeons of Doom to retrieve the Amulet of Yendor! On T:307 you reached level 2 of The Dungeons of Doom. On T:595 you advanced to experience level 2. On T:796 you reached level 1 of The Gnomish Mines. On T:848 you advanced to experience level 3. On T:910 you advanced to experience level 4. On T:1054 you reached level 2 of The Gnomish Mines. On T:1064 you advanced to experience level 5. Score breakdown: Gold: 148 ( 7392 points) Experience: 5 levels (11141 points) Exploration: 4 levels ( 8.00%) ( 7423 points) Discoveries: 3 items ( 1.05%) ( 3072 points) Valuables value: (no points given unless you survive) Artifact value: 0 ( 0 points) Variety of kills: 13 monsters ( 3.41%) ( 5541 points) Turncount: 1111 turns ( 0 points) Survival: died (score multiplied by 80%) Total score: 27655 Latest messages: u - 13 arrows. v - a candle. You are empty handed. a - a blessed +1 mace (alternate weapon; not wielded). You are now wielding your bow. u - 21 arrows (in quiver). You drop a dagger. You are now wielding your mace. A - a bow (alternate weapon; not wielded). You displace Qwerty. The dwarf wields a broad pick! Qwerty misses the dwarf. The dwarf swings his broad pick. The dwarf hits! You miss the dwarf. Qwerty misses the dwarf. (2x) You miss the dwarf. Qwerty misses the dwarf. The dwarf swings his broad pick. The dwarf hits! You die... Final status: Goodbye Beetle the Priest, killed by a dwarf... You died in The Gnomish Mines on dungeon level 4 with 27655 points, and 148 pieces of gold, after 1111 moves. You were level 5 with a maximum of 39 hit points when you died.